 Dungeon Crawl Stone Soup version 0.26.1-11-gd32895ea62 (webtiles) character file.

Game seed: 8157916009619050919

2308 dtburroughs the Chopper (level 9, -3/79 HPs)
             Began as a Minotaur Berserker on July 16, 2021.
             Was an Elder of Trog.
             Killed from afar by an electric eel (9 damage)
             ... with a bolt of electricity
             ... on level 8 of the Dungeon.
             The game lasted 00:11:04 (7683 turns).

dtburroughs the Chopper (Minotaur Berserker)        Turns: 7683, Time: 00:11:04

Health: -3/79      AC: 14    Str: 22    XL:     9   Next: 18%
Magic:  8/8        EV:  8    Int:  7    God:    Trog [****..]
Gold:   349        SH:  8    Dex: 10    Spells: 8/8 levels left

rFire    . . .     SeeInvis .   s - +0 war axe
rCold    . . .     Faith    .   t - +0 kite shield
rNeg     . . .     Spirit   .   f - +0 chain mail
rPois    .         Reflect  .   (helmet restricted)
rElec    .         Harm     .   (no cloak)
rCorr    .         Rampage  .   n - +0 pair of gloves
Will     .....                  z - +1 pair of boots
Stlth    ..........             (no amulet)
HPRegen  0.23/turn              m - +4 ring of slaying
MPRegen  0.11/turn              (no ring)

@: no status effects
A: retaliatory headbutt, horns 2
a: Renounce Religion, Berserk, Trog's Hand, Brothers in Arms


You were on level 8 of the Dungeon.
You worshipped Trog.
Trog was greatly pleased with you.
You visited 1 branch of the dungeon, and saw 8 of its levels.

You collected 349 gold pieces.

Inventory:

Hand Weapons
 s - a +0 war axe (weapon)
 v - a +0 morningstar
Armour
 f - a +0 chain mail (worn)
 n - a +0 pair of gloves (worn)
 t - a +0 kite shield (worn)
 z - a +1 pair of boots (worn)
Jewellery
 m - a +4 ring of slaying (left hand)
Wands
 l - a wand of iceblast (3)
 q - a wand of flame (10)
 r - a wand of acid (11)
Scrolls
 a - a scroll of identify
 g - 4 scrolls of teleportation
 i - a scroll of blinking
 j - 2 scrolls of noise
 p - 6 scrolls of remove curse
 u - a scroll of vulnerability
 x - a scroll of enchant weapon {unknown}
 y - a scroll of enchant armour {unknown}
Potions
 b - a potion of ambrosia
 c - 2 potions of curing
 d - a potion of resistance {unknown}
 e - a potion of magic {unknown}
 h - a potion of invisibility {unknown}
 k - 3 potions of heal wounds {unknown}
 o - 5 potions of attraction
 w - a potion of haste


   Skills:
 + Level 7.6 Fighting
 + Level 7.6 Axes
 + Level 7.0 Armour
 + Level 6.4 Dodging
 + Level 2.2 Shields
 + Level 4.1 Evocations


You had 8 spell levels left.
You didn't know any spells.
Your spell library was empty.

Dungeon Overview and Level Annotations

Branches:
Dungeon (8/15)             Temple (0/1) D:7
   Lair: D:8-11

Altars:
Ashenzari
Fedhas
Kikubaaqudgha
Makhleb
Nemelex Xobeh
Uskayaw
Xom

Shops:
D:4 :   D:6 *

Annotations:
D:5 2 transporters, Ekaitz's ghost, novice DsVM
D:7 2 transporters, Ekaitz's ghost, novice DsIE


Innate Abilities, Weirdness & Mutations

You reflexively headbutt those who attack you in melee.
You have a pair of horns on your head.


Message History

The electric eel is heavily wounded.
The electric eel shoots out a bolt of lightning at you!
The bolt of electricity hits you!
* * * LOW HITPOINT WARNING * * *
The bolt of electricity hits you!
* * * LOW HITPOINT WARNING * * *
The electric eel shoots out a bolt of lightning at you!
The bolt of electricity hits you.
* * * LOW HITPOINT WARNING * * *
The bolt of electricity hits you!
* * * LOW HITPOINT WARNING * * *
You hit the electric eel.
The electric eel is almost dead.
You hit the electric eel.
The electric eel is almost dead.
You closely miss the electric eel.
The electric eel is almost dead.
The electric eel shoots out a bolt of lightning at you!
The bolt of electricity hits you!
You die...

#....# !.
#....##.#
##.......
#.......#
#.......#
#....≈..#
#...;≈..#
#...@...#
#.......#
#.......#
##'####....
#.# .....
#.# ....
#.# ..≈ #.#
... #.#


You could see an electric eel.

Vanquished Creatures
  A two-headed ogre (D:8)
  A water moccasin (D:7)
  A sky beast (D:7)
  2 ogres
  A necrophage (D:6)
  A phantom (D:4)
  2 centaurs
  A bullfrog (D:6)
  An electric eel (D:7)
  3 bullfrog zombies
  A jelly (D:7)
  A hound (D:6)
  2 orc priests
  3 orc wizards (D:4)
  2 iguanas
  Natasha (thrice) (D:4)
  Terence (D:3)
  4 worker ants
  A hound zombie (D:8)
  A hound skeleton (D:6)
  Robin (D:2)
  A worker ant zombie (D:5)
  14 adders
  A white imp (D:5)
  An ufetubus (D:7)
  An ooze (D:3)
  2 worms
  2 dart slugs
  A leopard gecko (D:3)
  17 orcs
  4 giant cockroaches
  18 goblins
  7 hobgoblins
  16 jackals
  6 kobolds
  5 quokkas
  2 ball pythons (D:5)
  12 bats
  5 frilled lizards
  A leopard gecko skeleton (D:4)
  10 rats
160 creatures vanquished.

Notes
Turn   | Place    | Note
-------+----------+-------------------------------------------
     0 | D:1      | dtburroughs the Minotaur Berserker began the quest for the
                  | Orb.
     0 | D:1      | Reached XP level 1. HP: 19/19 MP: 0/0
   158 | D:1      | Reached XP level 2. HP: 22/27 MP: 1/1
   591 | D:1      | Reached XP level 3. HP: 31/33 MP: 2/2
   595 | D:1      | Reached ** piety under Trog
  1331 | D:2      | Reached XP level 4. HP: 39/40 MP: 3/3
  1342 | D:2      | Noticed Robin
  1349 | D:2      | Killed Robin
  1493 | D:2      | Found a shimmering altar of Xom.
  1636 | D:2      | Found a broken altar of Ashenzari.
  1854 | D:3      | Reached XP level 5. HP: 32/47 MP: 4/4
  1858 | D:3      | Reached *** piety under Trog
  2723 | D:3      | Noticed Terence
  2735 | D:3      | Killed Terence
  2861 | D:4      | Found Sawnuopyuv's Book Shop.
  2873 | D:4      | Noticed an ogre
  2885 | D:4      | Killed an ogre
  2886 | D:4      | Reached skill level 5 in Fighting
  2886 | D:4      | Reached skill level 5 in Axes
  2886 | D:4      | Reached XP level 6. HP: 32/56 MP: 5/5
  2917 | D:4      | Reached skill level 1 in Evocations
  3477 | D:4      | Found an ancient bone altar of Kikubaaqudgha.
  3662 | D:4      | Noticed Natasha
  3665 | D:4      | Killed Natasha
  3666 | D:4      | Reached XP level 7. HP: 61/61 MP: 6/6
  3686 | D:4      | Noticed Natasha
  3696 | D:4      | Killed Natasha
  3715 | D:4      | Noticed Natasha
  3717 | D:4      | Killed Natasha
  3852 | D:5      | Entered Level 5 of the Dungeon
  3910 | D:5      | Found a transporter.
  4097 | D:5      | Reached skill level 5 in Armour
  4215 | D:5      | Noticed Ekaitz's ghost (novice DsVM)
  4235 | D:5      | Found a transporter.
  4525 | D:5      | Found a sparkling altar of Nemelex Xobeh.
  4876 | D:6      | Reached skill level 5 in Dodging
  4979 | D:6      | Reached XP level 8. HP: 66/70 MP: 7/7
  5224 | D:6      | Found a hide-covered altar of Uskayaw.
  5275 | D:6      | Reached **** piety under Trog
  5495 | D:6      | Found a burning altar of Makhleb.
  5736 | D:6      | Found Dukk's General Store.
  5882 | D:7      | Found a transporter.
  5888 | D:7      | Noticed Ekaitz's ghost (novice DsIE)
  6786 | D:7      | Found a staircase to the Ecumenical Temple.
  6878 | D:7      | Found a blossoming altar of Fedhas.
  6998 | D:7      | Found a transporter.
  7319 | D:8      | Noticed a two-headed ogre
  7336 | D:8      | Killed a two-headed ogre
  7337 | D:8      | Reached XP level 9. HP: 38/79 MP: 8/8
  7683 | D:8      | Killed from afar by an electric eel

Illustrated notes

Levels and vault maps discovered:
D:1:      nzn_arrival_depleted_hourglass, layout_basic, minmay_split_cup_large
D:2:      layout_rooms, chequers_temple_overflow_statue_of_worship,
          nicolae_underground_beach, uniq_robin
D:3:      layout_rooms, uniq_terence
D:4:      layout_cave_pools, overflow_temple_1_default, serial_shops, shop,
          kennysheep_cluttered_room, uniq_natasha
D:5:      layout_basic, nemelex_xobeh_ov_fountains_minmay,
          gammafunk_ghost_stat_death
D:6:      layout_loops_ring, eat_drink_and_be_merry_uskayaw, serial_shops, shop,
          makhleb_blood_cavern_becter
D:7:      layout_loops_ring, fedhas_altar_4, minmay_temple_entry_stoned_glass,
          gammafunk_ghost_stat_death, minivault_14
D:8:      layout_basic, cheibriados_altar_1, kennysheep_generic_room_3

Skill      XL: |  1  2  3  4  5  6  7  8 |
---------------+-------------------------+-----
Axes           | 4 5 6 7 |  7.6
Fighting       | 4 5 6 7 |  7.6
Armour         | 3 4 5 7 |  7.0
Dodging        | 3 4 5 6 |  6.4
Evocations     | 1 2 4 |  4.1
Shields        | 2 |  2.2

Action                   |  1- 3 |  4- 6 |  7- 9 || total
-------------------------+-------+-------+-------++-------
Melee: Hand axe          |    89 |   110 |       ||   199
       Headbutt          |     9 |    15 |    31 ||    55
       War axe           |       |    37 |   180 ||   217
Invok: Trog's Hand       |       |     4 |     2 ||     6
       Berserk           |       |       |     1 ||     1
  Use: Scroll            |       |       |    10 ||    10
 Stab: Sleeping          |     1 |       |       ||     1
Armor: Animal skin       |    15 |       |       ||    15
       Chain mail        |    16 |    74 |    93 ||   183
Dodge: Dodged            |    66 |    67 |    86 ||   219
Block: Kite shield       |       |       |     2 ||     2
